 Dungeon Crawl Stone Soup version 0.18.1-50-g88ac8fd (webtiles) character file.

186 manyhoops the Chucker (level 5, 0/55 HPs)
             Began as an Ogre Hunter on Oct 22, 2016.
             Slain by a worker ant (2 damage)
             ... on level 4 of the Dungeon.
             The game lasted 00:05:23 (4157 turns).

manyhoops the Chucker (Ogre Hunter)                 Turns: 4157, Time: 00:05:24

Health: 0/55       AC:  3    Str: 18    XL:     5   Next: 65%
Magic:  5/5        EV: 10    Int: 10    God:
Gold:   112        SH:  0    Dex: 10    Spells: 0 memorised, 4 levels left

rFire  . . .     SeeInvis .     g - +0 club
rCold  . . .     Gourm    .     q - +0 robe (curse)
rNeg   . . .     Faith    .     (no shield)
rPois  .         Spirit   .     (helmet restricted)
rElec  .         Dismiss  .     (no cloak)
rCorr  .         Reflect  .     (gloves unavailable)
SustAt .         Harm     .     (boots unavailable)
MR     .....                    (no amulet)
Stlth  +.........               (no ring)
                                (no ring)

@: lethally poisoned (0 -> -16), hasted, very quick, not resistant to hostile
enchantments, very unstealthy
A: unfitting armour, tough skin 1
a: no special abilities


You were on level 4 of the Dungeon.
You were not hungry.

You visited 1 branch of the dungeon, and saw 4 of its levels.

You collected 112 gold pieces.

Inventory:

Hand Weapons
 g - a +0 club (weapon)
Missiles
 d - 2 throwing nets (quivered)
Armour
 q - a cursed +0 robe (worn)
Scrolls
 a - a scroll of amnesia {unknown}
 e - a scroll of immolation {unknown}
 i - 2 scrolls of identify {unknown}
 j - a scroll of fog {unknown}
 l - a scroll of recharging {unknown}
 o - a scroll of fear {unknown}
Potions
 h - a potion of haste
 n - a potion of resistance {unknown}
Comestibles
 b - a chunk of flesh
 f - a bread ration
 k - 3 fruits
 m - a meat ration


   Skills:
 * Level 4.5 Fighting
 * Level 2.5 Maces & Flails
 + Level 4.8 Throwing
 - Level 3.1 Dodging
 - Level 0.7 Stealth


You had 4 spell levels left.
You didn't know any spells.

Dungeon Overview and Level Annotations

Branches:
Dungeon (4/15)
 Temple: D:4-7

Altars:


Innate Abilities, Weirdness & Mutations

You are too large for most types of armour.
You have tough skin (AC +1).


Message History

The worker ant bites you but does no damage.
The worker ant waves its antennae.
The worker ant bites you but does no damage.
The worker ant barely misses you.
Throwing (i - inventory. (,) - cycle):
c - a large rock (quivered)
Press: ? - help, Shift-Dir - straight line, f/p - worker ant
Aim: a worker ant (almost dead)
You throw a large rock.
The large rock closely misses the worker ant.
You feel sick. The worker ant bites you.
* * * LOW HITPOINT WARNING * * *
You are lethally poisoned!
The worker ant poisons you! The worker ant barely misses you.
The worker ant bites you but does no damage.
The worker ant bites you.
* * * LOW HITPOINT WARNING * * *
It was a potion of haste.
You feel yourself speed up.
* * * LOW HITPOINT WARNING * * *
You feel sick. The worker ant bites you.
You die...

########
#......#
#..<...#
#.@....#
+.aa...+
#......#
#......#
..........##(...
#..$.####.# ####
#... #.# #(( .#
#. +#


You could see 2 worker ants.

Vanquished Creatures
  An orc wizard (D:3)
  A giant frog skeleton (D:3)
  2 adders
  3 oozes (D:1)
  A worm (D:2)
  3 dart slugs (D:1)
  3 giant geckos (D:1)
  5 orcs (D:3)
  10 bats
  2 giant cockroaches
  6 goblins
  10 hobgoblins
  7 jackals (D:3)
  6 kobolds
  3 quokkas
  A ball python (D:3)
  5 giant newts
  14 rats
83 creatures vanquished.

Notes
Turn   | Place    | Note
--------------------------------------------------------------
     0 | D:1      | manyhoops the Ogre Hunter began the quest for the Orb.
     0 | D:1      | Reached XP level 1. HP: 22/22 MP: 1/1
   206 | D:1      | Reached XP level 2. HP: 23/29 MP: 2/2
   283 | D:1      | Reached skill level 1 in Maces & Flails
   313 | D:1      | Reached XP level 3. HP: 11/36 MP: 3/3
  1330 | D:1      | Reached XP level 4. HP: 41/45 MP: 4/4
  3275 | D:3      | Reached XP level 5. HP: 36/54 MP: 5/5
  4156 | D:4      | HP: 2/55 [worker ant (6)]
  4157 | D:4      | Slain by a worker ant

Skill      XL: |  1  2  3  4  5 |
---------------+----------------+-----
Maces & Flails | 1 2 |  2.5
Dodging        | 2 3 |  3.1
Fighting       | 3 4 |  4.5
Throwing       | |  4.8
Stealth        | |  0.7

Action                   |  1- 3 |  4- 6 || total
-------------------------+-------+-------++-------
Melee: Club              |   133 |   273 ||   406
Throw: Large rock        |    11 |    14 ||    25
  Use: Potion            |       |     1 ||     1
 Stab: Sleeping          |       |     2 ||     2
  Eat: Chunk             |       |     7 ||     7
       Bread ration      |       |     1 ||     1
Armor: Robe              |    50 |   116 ||   166
Dodge: Dodged            |   102 |   209 ||   311
